 Dungeon Crawl Stone Soup version 0.32-a0-818-gb728d0252e (webtiles) character file.

Game seed: 17257573872760649026

42009 jlumianski the Cleaver (level 14, -4/109 HPs)
             Began as a Coglin Gladiator on Mar 24, 2024.
             Was a Priest of Qazlal.
             Slain by a white ugly thing (28 damage)
             ... on level 14 of the Dungeon.
             The game lasted 01:16:13 (21729 turns).

jlumianski the Cleaver (Coglin Gladiator)          Turns: 21729, Time: 01:16:14

Health: -4/109     AC: 28    Str: 21    XL:     14   Next: 17%
Magic:  19/19      EV: 10    Int: 11    God:    Qazlal [***...]
Gold:   320        SH:  4    Dex: 18    Spells: 13/13 levels left

rFire   . . .        a - +1 war axe (venom) {Xue}
rCold   . . .        I - +2 dagger (venom) {Enrique}
rNeg    . . .        S - +4 chain mail of Fallacy {rC- Str+2 Int+2}
rPois   .            b - +2 helmet
rElec   .            y - +2 cloak
rCorr   .            Q - +2 pair of gloves {Dex+3}
SInv    .            E - +1 pair of boots
Will    +....        (amulet unavailable) Stlth
                     (ring unavailable)
HPRegen 1.18/turn    (ring unavailable)
MPRegen 0.56/turn    z - ablative scope {rC+ Regen+ RegenMP+ Slay+3}

%: no passive effects
@: studying Short Blades
A: off-hand wielding, slow wielding, warmup strikes, no jewellery
a: Renounce Religion, Upheaval, Elemental Force


You were on level 14 of the Dungeon.
You worshipped Qazlal.
Qazlal was most pleased with you.
You visited 2 branches of the dungeon, and saw 16 of its levels.
You also visited: Ossuary.

You collected 1116 gold pieces.
You spent 796 gold pieces at shops.

Inventory:

Hand Weapons
 a - a +1 war axe of venom (weapon) {Xue}
 I - a +2 dagger of venom (offhand) {Enrique}
Missiles
 d - 4 throwing nets
 e - 10 javelins
 k - 7 boomerangs
 o - 4 atropa-tipped darts
 H - 39 poisoned darts
 U - 5 curare-tipped darts (quivered)
Armour
 b - a +2 helmet (worn)
 c - a +0 helmet
 n - +0 acid dragon scales
 y - a +2 cloak (worn)
 A - a +2 buckler of reflection
 E - a +1 pair of boots (worn)
 Q - a +2 pair of gloves of dexterity (worn)
 S - the +4 chain mail of Fallacy (worn) {rC- Str+2 Int+2}
   (You found it on level 9 of the Dungeon)

   Str+2:     It affects your strength (+2).
   Int+2:     It affects your intelligence (+2).
   rC-:       It makes you vulnerable to cold.
Magical Staves
 q - the staff of Impatience {rElec Will- Int+5 Conj Hexes}
   (You found it on level 2 of the Dungeon)

   [staff of conjuration]

   Base accuracy: +5 Base damage: 5 Base attack delay: 1.2 This weapon's minimum
   attack delay (0.6) is reached at skill level 12.
   Int+5:     It affects your intelligence (+5).
   rElec:     It insulates you from electricity.
   Will-:     It decreases your willpower.
   Conj:      It increases the power of your Conjurations spells.
   Hexes:     It increases the power of your Hexes spells.
   It falls into the 'Staves' category.
   It is a one-graspered weapon.
Gizmo
 z - an ablative scope (installed) {rC+ Regen+ RegenMP+ Slay+3}
   (You invented it yourself on level 14 of the Dungeon)

   [ablative scope]

   Slay+3:    It affects your accuracy & damage with ranged weapons and melee
   (+3).
   rC+:       It protects you from cold.
   Regen+:    It increases your rate of health regeneration.
   RegenMP+:  It increases your rate of magic regeneration.
Wands
 f - a wand of paralysis (8)
 K - a wand of warping (17)
 V - a wand of polymorph (2)
Scrolls
 g - 2 scrolls of enchant weapon
 h - 4 scrolls of blinking
 j - 3 scrolls of poison
 m - 2 scrolls of vulnerability
 p - a scroll of brand weapon
 r - a scroll of fear
 t - 2 scrolls of fog
 u - 4 scrolls of revelation
 w - 4 scrolls of teleportation
 x - a scroll of immolation
 R - a scroll of torment
Potions
 i - 5 potions of heal wounds
 l - 10 potions of curing
 s - a potion of invisibility
 v - a potion of might
 J - 2 potions of attraction
 L - a potion of haste
 M - 2 potions of lignification
 N - 2 potions of enlightenment
 T - a potion of ambrosia {unknown}


   Skills:
 + Level 9.8 Fighting
 + Level 7.5 Short Blades
 + Level 14.1 Axes
 + Level 2.6 Throwing
 + Level 10.4 Armour
 + Level 5.0 Dodging
 + Level 2.5 Stealth
 + Level 3.0 Shields
 * Level 7.7 Invocations


You had 13 spell levels left.
You didn't know any spells.
Your spell library contained the following spells:

 Spells                   Type           Power      Damage    Failure   Level
 Static Discharge         Conj/Air       0%         3-3/arc   95%         2
 Gell's Gravitas          Tloc           0%         N/A       99%         3
 Teleport Other           Tloc           0%         N/A       99%         3
 Airstrike                Air            0%         2d(0-16)  100%        4
 Leda's Liquefaction      Alch/Erth      0%         N/A       100%        4
 Petrify                  Alch/Erth      0%         N/A       100%        4
 Summon Lightning Spire   Summ/Air       0%         N/A       100%        4
 Metabolic Englaciation   Hex/Ice        0%         N/A       100%        5
 Conjure Ball Lightning   Conj/Air       0%         3x3d6     100%        6
 Dispersal                Tloc           0%         N/A       100%        6
 Discord                  Hex            0%         N/A       100%        8
 Disjunction              Tloc           0%         N/A       100%        8


Dungeon Overview and Level Annotations

Branches:
Dungeon (15/15)            Temple (1/1) D:7            Lair (0/5) D:10
    Orc (0/2) D:10         Vaults (0/5) D:14        Ossuary (visited)
 Depths: D:15

Altars:
Ashenzari
Cheibriados
Dithmenos
Elyvilon
Fedhas
Gozag
Hepliaklqana
Kikubaaqudgha
Makhleb
Nemelex Xobeh
Okawaru
Qazlal
Ru
Sif Muna
Trog
Uskayaw
Vehumet
Wu Jian
Xom
Yredelemnul
Zin
The Shining One

Shops:
D:4 [*[   D:5 (   D:10 *

Annotations:
D:14 Azrael


Innate Abilities, Weirdness & Mutations

You can wield a second weapon in your off-hand.
It takes a long time for you to wield or remove held weapons.
Your first few attacks do less damage.
You cannot equip rings or amulets.


Message History

You feel very sick.
The green ugly thing is engulfed in blazing flames.
The green ugly thing completely misses you.
The green ugly thing barely misses you. The green ugly thing engulfs you!
* * * LOW HITPOINT WARNING * * *
You barely miss the green ugly thing with your +2 dagger of venom.
The green ugly thing is almost dead.
You closely miss the green ugly thing with your +1 war axe of venom.
You barely miss the green ugly thing with your +1 war axe of venom.
You hit the green ugly thing but do no damage.
You closely miss the white ugly thing with your +1 war axe of venom.
You feel very sick. The white ugly thing tail-slaps you!
* * * LOW HITPOINT WARNING * * *
The white ugly thing freezes you!
* * * LOW HITPOINT WARNING * * *
Blink to where?
Press: ? - help, Dir - move target
As you read the scroll of blinking, it crumbles to dust.
* * * LOW HITPOINT WARNING * * *
You feel very sick.
You kill the green ugly thing!
Qazlal accepts your kill.
You feel much better.
You feel very sick.
You feel sick.
You feel sick.
You feel sick.
The green ugly thing basks in the mutagenic energy from its kin and changes!
You feel sick.
You feel sick.
You feel sick.
You feel sick.
The white ugly thing looks more healthy.
You feel sick.
You are no longer poisoned.
The white ugly thing tail-slaps you!
* * * LOW HITPOINT WARNING * * *
The white ugly thing freezes you!!
You die...

..†..# #.#.# #. ###### #.#.# #.
#.#.# #. # ##.#.# ## # ##....#
##### # # #.....#####...########
# #.....u......[.......# #
#.#.#u###.......####÷# # #.#.#@#
#...#.....##÷# # #.#.#.#
#.......#.##.# ## #.#.#u#
###...###..... T# #.#[#.# #.u.#
####.# O# #.#.#.### ##.## #.# .#
#.#.....####u## #.# .#
#.##..........######.# .#
#....(................
.##############.##.#.###..#####.#


You could see 3 ugly things.

Vanquished Creatures
  Kirke (D:11)
  An ettin (D:14)
  9 two-headed ogres
  A death yak (D:13)
  4 tengu warriors
  A boulder beetle (D:13)
  Urug (D:12)
  A deep troll (D:15)
  A necromancer (D:14)
  A deep elf pyromancer (D:13)
  17 ugly things
  A cyclops (D:13)
  5 manticores
  Joseph (D:9)
  A meliai (D:9)
  A gargoyle (D:12)
  3 unseen horrors
  2 kobold demonologists
  A tengu conjurer (D:15)
  9 trolls
  A polar bear (D:13)
  A polar bear (shapeshifter) (D:14)
  Grinder (D:5)
  5 slime creatures
  2 shadows
  3 centaur simulacra (D:13)
  3 vampires
  A water elemental (D:13)
  4 basilisks
  12 yaks
  6 hogs (D:11)
  8 wraiths
  4 wyverns
  2 steam dragons
  Menkaure (D:7)
  6 vampire mosquitoes
  5 acid dragons
  A hell hound (D:14)
  A water moccasin (D:8)
  Duvessa (D:7)
  4 black bears
  9 orc warriors
  An ice beast (D:12)
  2 sky beasts
  2 ogres (D:5)
  8 centaurs
  2 phantoms (D:5)
  2 elf zombies (Ossuary)
  3 kobold brigands
  2 bullfrogs
  3 scorpions (D:5)
  8 wights
  Dowan (D:7)
  A burial acolyte (Ossuary)
  2 bombardier beetles
  11 howler monkeys
  5 electric eels
  4 orc priests
  A quasit (D:6)
  4 hounds
  A human zombie (Ossuary)
  A spectral scorpion (Ossuary)
  A gnoll bouda (D:7)
  Crazy Yiuf (D:7)
  An iguana (D:6)
  9 orc wizards
  2 sleepcaps
  A crocodile zombie (Ossuary)
  A hound zombie (Ossuary)
  3 mummies (Ossuary)
  15 gnolls
  4 adders
  9 river rats (D:5)
  3 shadow imps
  5 white imps
  2 ufetubi
  5 adder zombies (Ossuary)
  10 dart slugs
  3 ribbon worms
  32 orcs
  6 ball pythons
  7 endoplasms
  3 giant cockroaches
  2 gnoll zombies (Ossuary)
  4 goblins
  10 hobgoblins
  14 kobolds
  7 quokkas
  5 ball python zombies (Ossuary)
  7 bats
  5 frilled lizards
  4 jackal zombies (Ossuary)
  5 kobold zombies (Ossuary)
  3 orc zombies (Ossuary)
  19 rats
415 creatures vanquished.

Vanquished Creatures (collateral kills)
  2 hydras
  An ugly thing (D:14)
3 creatures vanquished.

Grand Total: 418 creatures vanquished

Notes
Turn   | Place    | Note
-------+----------+-------------------------------------------
     0 | D:1      | jlumianski the Coglin Gladiator began the quest for the
                  | Orb.
     0 | D:1      | Reached XP level 1. HP: 16/16 MP: 1/1
    49 | D:1      | Reached XP level 2. HP: 22/22 MP: 2/2
   356 | D:1      | Reached XP level 3. HP: 22/28 MP: 3/3
   808 | D:2      | Identified the staff of Impatience {rElec Will- Int+5 Conj
                  | Hexes}
  1116 | D:2      | Reached XP level 4. HP: 19/34 MP: 4/4
  1118 | D:2      | Reached skill level 4 in Axes
  1720 | D:3      | Reached XP level 5. HP: 27/39 MP: 5/5
  1837 | D:3      | Found a faded altar of an unknown god.
  1921 | D:3      | You fall into a shaft and drop 1 floor!
  2045 | D:5      | Entered Level 5 of the Dungeon
  2045 | D:5      | Noticed an eight-headed hydra
  2045 | D:5      | Found Halex's Hydra Hut.
  2077 | D:4      | Reached skill level 1 in Short Blades
  2077 | D:4      | Reached skill level 1 in Armour
  2096 | D:5      | Noticed a phantom
  2108 | D:5      | Killed a phantom
  2109 | D:5      | Reached XP level 6. HP: 43/46 MP: 6/6
  2173 | D:5      | Reached skill level 5 in Axes
  2278 | D:5      | Reached XP level 7. HP: 29/52 MP: 7/7
  2290 | D:5      | Reached skill level 1 in Stealth
  2402 | D:4      | Found Zaolla Imuru's Armour Boutique.
  2402 | D:4      | Found Rozurphi's General Store.
  2402 | D:4      | Found Cilyujiu's Armour Boutique.
  2496 | D:3      | Reached skill level 6 in Axes
  2607 | D:5      | Found a sand-covered staircase.
  2612 | Ossuary  | Entered an ossuary
  2774 | Ossuary  | Reached XP level 8. HP: 53/60 MP: 8/8
  3120 | D:4      | Bought a potion of berserk rage for 70 gold pieces
  3590 | D:4      | Bought a +0 cloak for 63 gold pieces
  3590 | D:4      | Bought a +0 pair of boots for 63 gold pieces
  3914 | D:4      | Found a snail-covered altar of Cheibriados.
  3981 | D:5      | Noticed Grinder
  3994 | D:5      | Killed Grinder
  3995 | D:5      | Reached skill level 7 in Axes
  4298 | D:5      | Reached skill level 8 in Axes
  4398 | D:5      | Found a burning altar of Makhleb.
  4408 | D:5      | Found an opulent altar of Gozag.
  4414 | D:5      | Found a radiant altar of Vehumet.
  4573 | D:5      | Reached XP level 9. HP: 64/66 MP: 9/9
  5603 | D:6      | Reached skill level 9 in Axes
  6088 | D:7      | Reached skill level 5 in Fighting
  6117 | D:7      | Found a staircase to the Ecumenical Temple.
  6126 | Temple   | Entered the Ecumenical Temple
  6134 | Temple   | Became a worshipper of Qazlal Stormbringer
  6242 | D:7      | Noticed Dowan
  6243 | D:7      | Noticed Duvessa
  6258 | D:7      | Killed Duvessa
  6265 | D:7      | Killed Dowan
  6543 | D:7      | Reached skill level 10 in Axes
  6735 | D:7      | Found a runed translucent door.
  6736 | D:7      | Noticed Crazy Yiuf
  6743 | D:7      | Killed Crazy Yiuf
  6989 | D:7      | Reached * piety under Qazlal
  7080 | D:7      | Found an iron altar of Okawaru.
  7329 | D:8      | Found a shimmering altar of Xom.
  7333 | D:7      | Reached XP level 10. HP: 67/76 MP: 10/10
  7501 | D:7      | Noticed Menkaure
  7508 | D:7      | Killed Menkaure
  7509 | D:7      | Reached skill level 5 in Armour
  7509 | D:7      | Reached skill level 1 in Invocations
  7560 | D:7      | HP: 3/68 [wight/+5 halberd (7)]
  8192 | D:4      | Bought a +1 pair of gloves of dexterity for 231 gold pieces
  9734 | D:8      | Reached ** piety under Qazlal
 10080 | D:8      | Reached skill level 11 in Axes
 10329 | D:9      | Identified the +4 chain mail of Fallacy {rC- Str+2 Int+2}
 10389 | D:10     | Entered Level 10 of the Dungeon
 10487 | D:9      | Noticed Joseph
 10492 | D:9      | Killed Joseph
 10492 | D:9      | Found an ornate altar of the Wu Jian Council.
 10493 | D:9      | Reached XP level 11. HP: 74/84 MP: 13/13
 10652 | D:10     | Found a staircase to the Orcish Mines.
 11387 | D:10     | Found a staircase to the Lair.
 11463 | D:10     | Reached *** piety under Qazlal
 11695 | D:4      | Bought a +2 helmet for 231 gold pieces
 11959 | D:9      | Reached skill level 1 in Shields
 12431 | D:10     | Noticed a manticore
 12442 | D:10     | Killed a manticore
 12449 | D:10     | Noticed a two-headed ogre
 12511 | D:10     | Killed a two-headed ogre
 12649 | D:10     | Noticed a two-headed ogre
 12666 | D:10     | Killed a two-headed ogre
 12732 | D:10     | Reached skill level 12 in Axes
 13063 | D:10     | Noticed a tengu warrior
 13103 | D:9      | Killed a tengu warrior
 13287 | D:10     | Reached XP level 12. HP: 89/92 MP: 15/15
 13337 | D:10     | Reached skill level 5 in Invocations
 13594 | D:10     | Found a blossoming altar of Fedhas.
 13636 | D:12     | Noticed Kirke
 13894 | D:12     | Noticed a two-headed ogre
 13908 | D:11     | Killed Kirke
 13909 | D:11     | Reached skill level 5 in Short Blades
 14170 | D:10     | Found Pahyt's Assorted Antiques.
 14228 | D:10     | Bought a potion of heal wounds for 115 gold pieces
 14228 | D:10     | Bought a scroll labelled SEKKOCKIKH for 23 gold pieces
 14737 | D:11     | Noticed an eight-headed hydra
 14755 | D:11     | Killed an eight-headed hydra
 15108 | D:11     | Noticed a two-headed ogre
 15135 | D:11     | Killed a two-headed ogre
 15434 | D:12     | Noticed a two-headed ogre
 15474 | D:11     | Killed a two-headed ogre
 15569 | D:11     | Killed a two-headed ogre
 15853 | D:12     | Identified a scroll of acquirement
 15853 | D:12     | Acquired a manual of Short Blades
 16436 | D:12     | Reached skill level 13 in Axes
 16436 | D:12     | Reached XP level 13. HP: 99/99 MP: 17/17
 16768 | D:12     | Noticed Urug
 16790 | D:12     | Killed Urug
 19829 | D:15     | Entered Level 15 of the Dungeon
 20200 | D:14     | Reached skill level 10 in Armour
 20736 | D:14     | Noticed Azrael
 20998 | D:14     | Found a gate to the Vaults.
 21010 | D:14     | Reached XP level 14. HP: 52/108 MP: 16/19
 21014 | D:14     | Reached skill level 14 in Axes
 21018 | D:14     | Acquired an ablative scope {rC+ Regen+ RegenMP+ Slay+3}
 21416 | D:14     | Reached skill level 5 in Dodging
 21708 | D:14     | HP: 2/109 [white ugly thing (15)]
 21729 | D:14     | Slain by a white ugly thing

Illustrated notes

Levels and vault maps discovered:
D:1:      lemuel_arrival_behind_the_door_large, layout_basic,
          minmay_misc_feat_room
D:2:      layout_basic
D:3:      layout_basic, ebering_ecumenical_altar_webs
D:4:      layout_basic, kennysheep_mini_moat, nicolae_shop_distant_corner_stores
D:5:      lemuel_ratsnest, layout_loops_ring, minmay_overflow_temple_star_quad,
          nicolae_ossuary_entry_false_entrances,
          nicolae_kite_square_tiling_tiny, nicolae_zen_rock_garden,
          doesnt_shop_hydraphobe, uniq_grinder
D:6:      layout_basic, serial_demonic, serial_demonic_g, serial_demonic_a,
          serial_demonic_c, serial_demonic_c
D:7:      kennysheep_slugbush, layout_loops_corners, okawaru_gym_becter,
          minmay_temple_entry_nine_rooms, lightli_corner_chamber, uniq_duvessa,
          uniq_crazy_yiuf_cottage, uniq_menkaure
D:8:      minmay_s_stair_smasher, layout_rooms,
          mainiacjoe_overflow_concentric_impassable
D:9:      layout_loops_ring, nicolae_wu_jian_wuxing_cycle, uniq_joseph
D:10:     nzn_winding_woodlands_stair_cross
          [nzn_winding_woodlands_5x15_concentric,
          nzn_winding_woodlands_center_lodge,
          nzn_winding_woodlands_5x15_sidewinder,
          nzn_winding_woodlands_hourglass, nzn_winding_woodlands_5x5_default,
          nzn_winding_woodlands_5x15_garden,
          nzn_winding_woodlands_center_pierced_h,
          nzn_winding_woodlands_5x15_eye], layout_gridville, fedhas_altar_3,
          lair_entry_dummy, orc_0_dummy, serial_glass, glass_columns_a,
          glass_columns_b, glass_columns_a, glass_columns_a, serial_shops,
          nicolae_shop_tiny_glass
D:11:     layout_basic
D:12:     layout_layer_cave, portal_ice_cave_entry_pillars_1, uniq_kirke,
          uniq_urug
D:13:     layout_basic, serial_ice, serial_ice_c, serial_ice_o, serial_ice_j,
          serial_ice_m, chequers_serial_rivers_large_a
D:14:     layout_loops_ring, david_vaults_1, uniq_azrael
D:15:     hangedman_depths_entry_civil_slaughter, layout_cave_pools,
          gauntlet_entry_generic, hex_tiny, gammafunk_ghost_split
Temple:   nicolae_temple_bog_church

Skill      XL: |  1  2  3  4  5  6  7  8  9 10 11 12 13 14 |
---------------+-------------------------------------------+-----
Dodging        | 3 4 5 |  5.0
Axes           | 4 5 6 8 10 11 12 13 14 | 14.1
Throwing       | 2 |  2.6
Short Blades   | 1 2 3 4 5 7 |  7.5
Armour         | 1 2 3 4 6 7 9 10 | 10.4
Fighting       | 3 4 5 7 8 9 |  9.8
Stealth        | 1 2 |  2.5
Invocations    | 3 4 6 7 |  7.7
Shields        | 1 2 3 |  3.0

Action                     |  1- 3 |  4- 6 |  7- 9 | 10-12 | 13-15 || total
---------------------------+-------+-------+-------+-------+-------++-------
  Melee: Dagger            |    59 |    70 |   385 |   529 |   319 ||  1362
         War axe           |    62 |    77 |   421 |   561 |   320 ||  1441
  Throw: Boomerang         |     4 |     4 |       |       |       ||     8
         Javelin           |       |     2 |       |       |       ||     2
         Dart              |       |       |       |     4 |     2 ||     6
 Invoke: Elemental Force   |       |       |       |     2 |     2 ||     4
         Upheaval          |       |       |       |     1 |     1 ||     2
Ability: Invent Gizmo      |       |       |       |       |     1 ||     1
    Use: Scroll            |     1 |     4 |     9 |    11 |     5 ||    30
         Potion            |       |       |       |     6 |     4 ||    10
   Stab: Sleeping          |     3 |       |       |       |       ||     3
         Distracted        |       |       |     1 |       |       ||     1
         Paralysed         |       |       |       |       |     2 ||     2
 Armour: Leather armour    |    22 |       |       |       |       ||    22
         Plate armour      |    12 |    82 |   470 |   251 |       ||   815
         Chain mail        |       |       |       |   597 |   350 ||   947
  Dodge: Dodged            |    39 |    18 |   130 |   261 |   131 ||   579
  Block: Other             |       |       |       |    96 |    40 ||   136

Table legend: (Time is in decaauts)
 A = Elapsed time spent in this place.
 B = Non-inter-level travel time spent in this place.
 C = Inter-level travel time spent in this place.
 D = Time resting spent in this place.
 E = Time spent auto-exploring this place.
 F = Levels seen in this place.
 G = Mean time per level.
                   A        B        C        D        E       F      G
               +--------+--------+--------+--------+--------+-----+--------+
         Total |  21755 |  20926 |    829 |   5706 |   9312 |  17 | 1279.7 |
       Dungeon |  21268 |  20439 |    829 |   5636 |   9290 |  15 | 1417.9 |
        Temple |     15 |     15 |      0 |      0 |      0 |   1 |   15.0 |
       Ossuary |    471 |    471 |      0 |     70 |     22 |   1 |  471.0 |
               +--------+--------+--------+--------+--------+-----+--------+

Top non-repeatable levels by time:
     D:7: 2782 daAuts
    D:13: 2279 daAuts
    D:11: 2001 daAuts
     D:9: 1939 daAuts
    D:14: 1892 daAuts
     D:5: 1591 daAuts
    D:12: 1511 daAuts
    D:10: 1488 daAuts
     D:8: 1334 daAuts
     D:6: 1039 daAuts
     D:2: 1028 daAuts
     D:4: 957 daAuts
     D:3: 712 daAuts
     D:1: 614 daAuts
 Ossuary: 471 daAuts
